 Dungeon Crawl Stone Soup version 0.29.0-11-gd7f09526c8 (webtiles) character file.

Game seed: 1778120785758589547

2391 leavemydog the Thaumaturge (level 9, 0/45 HPs)
             Began as a Deep Elf Conjurer on Sept 6, 2022.
             Was a Follower of Vehumet.
             Slain by a black bear (1 damage)
             ... on level 7 of the Dungeon.
             The game lasted 00:14:23 (7717 turns).

leavemydog the Thaumaturge (Deep Elf Conjurer)      Turns: 7717, Time: 00:14:23

Health: 0/45       AC:  5    Str:  4    XL:     9   Next: 22%
Magic:  17/34      EV: 12    Int: 28    God:    Vehumet [*.....]
Gold:   314        SH:  0    Dex: 11    Spells: 17/28 levels left

rFire   . . .      SeeInvis +   A - +3 short sword (freeze)
rCold   + . .      Faith    .   (no shield)
rNeg    . . .      Spirit   .   r - +1 robe {rC+}
rPois   .          Reflect  .   B - +0 helmet
rElec   .          Harm     .   (no cloak)
rCorr   .          Rampage  .   (no gloves)
Will    .....      Rage     3%  (no boots)
Stlth   ++........              (no amulet)
HPRegen 0.15/turn               q - ring of magical power
MPRegen 0.24/turn               x - ring of see invisible

@: no status effects
A: hooves 1, berserk 1, clumsy 1, shaggy fur 1
a: Renounce Religion


You were on level 7 of the Dungeon.
You worshipped Vehumet.
Vehumet was aware of your devotion.
You visited 2 branches of the dungeon, and saw 8 of its levels.

You collected 314 gold pieces.

Inventory:

Hand Weapons
 e - a +1 dagger of holy wrath
 A - a +3 short sword of freezing (weapon)
Missiles
 t - 5 javelins
Armour
 r - a +1 robe of cold resistance (worn)
 B - a +0 helmet (worn)
Jewellery
 n - the ring "Xusyph" {rElec rPois rC+ Str+4 Int-4}
   (You found it on level 3 of the Dungeon)

   [ring of poison resistance]

   Str:       It affects your strength (+4).
   Int:       It affects your intelligence (-4).
   rC:        It protects you from cold.
   rElec:     It insulates you from electricity.
   rPois:     It protects you from poison.
 q - a ring of magical power (left hand)
 v - a ring of positive energy
 x - a ring of see invisible (right hand)
Wands
 y - a wand of mindburst (14)
 E - a wand of roots (7)
Scrolls
 c - 2 scrolls of enchant armour {unknown}
 d - 3 scrolls of magic mapping {unknown}
 h - a scroll of amnesia {unknown}
 j - a scroll of blinking {unknown}
 k - 2 scrolls of poison {unknown}
 m - a scroll of summoning {unknown}
 p - a scroll of acquirement {unknown}
 s - 3 scrolls of teleportation {unknown}
 C - 3 scrolls of identify
 F - a scroll of butterflies {unknown}
Potions
 a - 2 potions of flight
 b - a potion of magic
 f - 5 potions of curing
 g - 2 potions of invisibility
 i - a potion of berserk rage {unknown}
 l - 2 potions of haste
 o - a potion of experience {unknown}
 u - a potion of attraction {unknown}
 w - 2 potions of might
 z - a potion of cancellation {unknown}
 D - a potion of resistance {unknown}


   Skills:
 - Level 0.1 Fighting
 - Level 2.4 Dodging
 - Level 2.4 Stealth
 + Level 10.4 Spellcasting
 + Level 9.6 Conjurations
 * Level 3.9 Hexes
 * Level 5.2 Translocations


You had 17 spell levels left.
You knew the following spells:

 Your Spells              Type           Power      Damage    Failure   Level
a - Magic Dart            Conj           100%       1d8       1%          1
b - Searing Ray           Conj           100%       2d8       1%          2
c - Iskenderun's Mystic   Conj/Tloc      54%        2d12      1%          4
d - Fulminant Prism       Conj/Hex       25%        3d14      2%          4

Your spell library contained the following spells:

 Spells                   Type           Power      Damage    Failure   Level
 Freeze                   Ice            56%        1d7       3%          1
 Foxfire                  Conj/Fire      100%       2x1d9     1%          1
 Conjure Flame            Conj/Fire      41%        6-21      1%          3
 Dazzling Flash           Conj/Hex       100%       N/A       1%          3
 Inner Flame              Hex/Fire       25%        N/A       5%          3
 Summon Guardian Golem    Hex/Summ       25%        N/A       5%          3
 Flame Wave               Conj/Fire      41%        2d11      5%          4
 Orb of Destruction       Conj           31%        9d10      52%         7
 Spellforged Servitor     Conj/Summ      20%        N/A       99%         7


Dungeon Overview and Level Annotations

Branches:
Dungeon (7/15)             Temple (1/1) D:4

Altars:
Ashenzari
Cheibriados
Dithmenos
Elyvilon
Fedhas
Gozag
Hepliaklqana
Kikubaaqudgha
Makhleb
Nemelex Xobeh
Okawaru
Qazlal
Ru
Sif Muna
Trog
Uskayaw
Vehumet
Wu Jian
Xom
Yredelemnul
Zin
The Shining One

Annotations:
D:4 3 runed translucent doors, Rayvis's ghost, novice MiFi


Innate Abilities, Weirdness & Mutations

You have large cloven feet.
You sometimes lose your temper in combat.
You are clumsy. (Dex -2)
You are covered in fur. (AC +1)


Message History

Maggie is knocked back by the mystic blast.
Maggie collides with the ogre!
The ogre is lightly wounded.
Maggie is almost dead.
The black bear growls angrily.
Aiming: Fastroot
Press: ? - help, Shift-Dir - straight line, f/p - Maggie
Aim: Maggie, wielding a +1 scimitar of distortion and wearing +0 acid dragon scales (almost dead)
The roots erupt in riotous growth!
Roots grab Maggie.
Roots grab the ogre.
The grasping roots constrict Maggie.
The grasping roots constrict the ogre.
Maggie struggles to escape constriction.
The ogre struggles to escape constriction.
Casting: Iskenderun's Mystic Blast (dangerous; 2% risk of failure)
Confirm with . or Enter, or press ? or * to list all spells.
Aiming: Searing Ray (safe; 1% risk of failure)
Press: ? - help, Shift-Dir - straight line, f/p - Maggie
Aim: Maggie, wielding a +1 scimitar of distortion and wearing +0 acid dragon scales (almost dead, constricted by roots, 100% to hit)
The searing ray hits Maggie!
You kill Maggie!
Vehumet accepts your kill.
The searing ray hits the black bear.
The black bear is lightly wounded. (Press . to maintain the ray.)
The grasping roots constrict the ogre.
The roots release their grip on the ogre.
Your Translocations skill increases to level 5!
The searing ray hits the ogre!
The ogre is severely wounded.
The searing ray misses the black bear.
Casting: Searing Ray (safe; 1% risk of failure)
Confirm with . or Enter, or press ? or * to list all spells.
You erupt in a blast of force!
The mystic blast hits the ogre!
You kill the ogre!
Vehumet accepts your kill.
The black bear attacks as you move away!
The black bear bites you!
* * * LOW HITPOINT WARNING * * *
The black bear barely misses you. The black bear claws you.
You die...

#..#>###########
#.....
#..#.#####
#.....
#..#.....#
##..... #####
#..#)###.##
#...... >...#
#..#)# #..#
#...... ###.#
#..#)# ##.#
#...... ....#
#..#)# #.# #
#..####
###########.#
#.# ... #..# #
............#
#@##.....
#..##..
###########.#
#)h')....
+...'.. #.#
####.....
#..##.. #.# ####
#..# . #.# #..#
#.# #..# #.#
#..# #.# #..#
#..#


You could see a black bear.

Vanquished Creatures
  Maggie (D:7)
  A water moccasin (D:7)
  3 black bears
  2 ice beasts
  2 ogres
  A centaur (D:7)
  3 phantoms
  A kobold brigand (D:7)
  3 scorpions
  5 wights (D:6)
  A jelly (D:6)
  3 hounds
  A gnoll bouda (D:7)
  2 orc priests (D:4)
  2 iguanas
  2 orc wizards
  10 gnolls
  3 adders
  A shadow imp (D:6)
  4 worms
  3 dart slugs
  18 orcs
  9 ball pythons
  5 bats
  6 endoplasms
  2 giant cockroaches
  7 goblins
  5 hobgoblins
  3 quokkas
  5 frilled lizards
  15 kobolds
  4 rats
133 creatures vanquished.

Notes
Turn   | Place    | Note
-------+----------+-------------------------------------------
     0 | D:1      | leavemydog the Deep Elf Conjurer began the quest for the
                  | Orb.
     0 | D:1      | Reached XP level 1. HP: 10/10 MP: 6/6
   419 | D:1      | Reached XP level 2. HP: 15/15 MP: 6/8
   436 | D:1      | Found a faded altar of an unknown god.
   739 | D:1      | Reached skill level 5 in Conjurations
  1007 | D:1      | Reached XP level 3. HP: 19/19 MP: 6/9
  1010 | D:1      | Learned a level 2 spell: Searing Ray
  2314 | D:3      | Reached XP level 4. HP: 24/24 MP: 4/11
  2382 | D:3      | Identified the ring "Xusyph" {rElec rPois rC+ Str+4 Int-4}
  2409 | D:3      | Reached skill level 4 in Spellcasting
  2633 | D:3      | Learned a level 4 spell: Iskenderun's Mystic Blast
  2764 | D:3      | Noticed a black bear
  2769 | D:3      | Killed a black bear
  2770 | D:3      | Reached skill level 1 in Translocations
  2770 | D:3      | Reached XP level 5. HP: 23/28 MP: 7/14
  3219 | D:3      | Gained mutation: Your mind is acute. (Int +4, Str/Dex -1)
                  | [potion of mutation]
  3219 | D:3      | Lost mutation: Your mind is acute. (Int +4, Str/Dex -1)
                  | [potion of mutation]
  3219 | D:3      | Gained mutation: You have hidden genetic defects. [potion
                  | of mutation]
  3219 | D:3      | Gained mutation: You have large cloven feet. [potion of
                  | mutation]
  3220 | D:3      | Lost mutation: You have hidden genetic defects. [potion of
                  | mutation]
  3220 | D:3      | Lost mutation: You have large cloven feet. [potion of
                  | mutation]
  3220 | D:3      | Gained mutation: You have hidden genetic potential. [potion
                  | of mutation]
  3220 | D:3      | Gained mutation: You sometimes lose your temper in combat.
                  | [potion of mutation]
  3220 | D:3      | Gained mutation: You are clumsy. (Dex -2) [potion of
                  | mutation]
  3231 | D:4      | Noticed an ice beast
  3289 | D:4      | Found a sacrificial altar of Ru.
  3313 | D:4      | Reached skill level 5 in Spellcasting
  3676 | D:4      | Found a staircase to the Ecumenical Temple.
  3682 | Temple   | Entered the Ecumenical Temple
  3931 | D:4      | Found a runed translucent gate.
  3931 | D:4      | Noticed a phantom
  3936 | D:4      | Killed a phantom
  3937 | D:4      | Reached XP level 6. HP: 32/32 MP: 8/16
  3986 | D:4      | Found a runed translucent gate.
  3986 | D:4      | Noticed Rayvis's ghost (novice MiFi)
  3987 | D:4      | Found a runed translucent gate.
  4058 | D:4      | Gained mutation: You are covered in fur. (AC +1) [hidden
                  | potential]
  4062 | D:4      | Reached skill level 6 in Spellcasting
  4478 | D:4      | Killed an ice beast
  4627 | D:5      | Entered Level 5 of the Dungeon
  4663 | D:5      | Reached XP level 7. HP: 33/36 MP: 18/18
  4833 | D:5      | Found a blossoming altar of Fedhas.
  4978 | D:5      | Reached skill level 7 in Spellcasting
  4983 | D:5      | Gained mutation: You have large cloven feet. [hidden
                  | potential]
  4983 | D:5      | Lost mutation: You have hidden genetic potential. [hidden
                  | potential expressed]
  5834 | D:6      | Reached skill level 8 in Spellcasting
  5834 | D:6      | Reached XP level 8. HP: 5/39 MP: 19/22
  6241 | D:6      | Learned a level 4 spell: Fulminant Prism
  6306 | D:6      | Reached skill level 1 in Hexes
  6544 | D:6      | Found an ornate altar of the Wu Jian Council.
  6544 | D:6      | Found a radiant altar of Vehumet.
  6551 | D:6      | Became a worshipper of Vehumet
  6822 | D:7      | Reached skill level 9 in Spellcasting
  7470 | D:7      | Reached * piety under Vehumet
  7470 | D:7      | Offered knowledge of Freeze by Vehumet.
  7558 | D:7      | Reached skill level 10 in Spellcasting
  7558 | D:7      | Reached XP level 9. HP: 30/45 MP: 25/25
  7704 | D:7      | Noticed Maggie
  7713 | D:7      | Killed Maggie
  7714 | D:7      | Reached skill level 5 in Translocations
  7717 | D:7      | HP: 1/45 [black bear (7)]
  7717 | D:7      | Slain by a black bear

Illustrated notes

Levels and vault maps discovered:
D:1:      mrwooster_arrival_statue_2, layout_basic,
          chequers_ecumenical_altar_simple_redux, minmay_quantized
D:2:      layout_loops_ring, minmay_split_cup_large
D:3:      layout_loops_ring
D:4:      layout_rooms, nicolae_ru_awakened_eye, temple_green,
          biasface_ghost_orc_armoury
D:5:      layout_gridville, mainiacjoe_overflow_cross_hatched
D:6:      layout_rooms, gammafunk_temple_overflow_pools
D:7:      layout_basic, uniq_maggie
Temple:   mainiacjoe_temple_bowtie_tessellation

Skill      XL: |  1  2  3  4  5  6  7  8  9 |
---------------+----------------------------+-----
Conjurations   | 5 6 7 8 9 |  9.6
Spellcasting   | 4 5 6 8 10 | 10.4
Translocations | 1 2 3 4 5 |  5.2
Hexes          | 3 |  3.9
Fighting       | |  0.1
Dodging        | |  2.4
Stealth        | |  2.4

Action                   |  1- 3 |  4- 6 |  7- 9 || total
-------------------------+-------+-------+-------++-------
Melee: Dagger            |       |     1 |       ||     1
 Cast: Magic Dart        |    80 |    53 |    93 ||   226
       Searing Ray       |     1 |    12 |    31 ||    44
       Iskenderun's Myst |       |       |     2 ||     2
Evoke: Wand              |       |       |     1 ||     1
  Use: Scroll            |       |     3 |     3 ||     6
       Potion            |       |     2 |       ||     2
Armor: Robe              |     3 |     3 |     8 ||    14
Dodge: Dodged            |    15 |    13 |    20 ||    48
